Map: Dynasty LE

Players

OBCD

  • Race: Terran Terran
  • League: Diamond
  • Spawn Location: 1:00

TwentyQueens - Winner!

  • Race: Zerg Zerg
  • League: Diamond
  • Spawn Location: 7:00

VOD

Have the link to the VOD?

Description

Time

  • Played on: July 15, 2024, midnight
  • Length: 10:39
Show
View Real Time Build Order
Export as new Build Order

OBCD Terran 

Build Orders:  

Get SALT Encoding   

  12  0:00  SCV  
  13  0:12  SCV  
  14  0:17  Supply Depot  
  14  0:25  SCV  
  15  0:38  SCV  
  15  0:40  Barracks  
  16  0:51  SCV  
  17  1:03  SCV  
  18  1:20  Refinery  
  18  1:23  Command Center  
  18  1:27  Marine  
  19  1:35  Bunker  
  19  1:39  Orbital Command  
  19  1:46  Marine  
  20  2:00  Supply Depot  
  20  2:04  Marine  
  21  2:17  SCV  
  21  2:19  Barracks  
  22  2:23  Barracks Tech Lab  
  22  2:29  Barracks  
  22  2:37  Orbital Command  
  22  2:43  Marine  
  23  2:47  Stimpack  
  23  2:49  SCV  
  24  3:01  Marine  
  24  3:03  SCV x2  
  27  3:12  Factory  
  27  3:15  SCV, Marine  
  27  3:19  SCV, Marine x2  
  32  3:27  SCV  
  32  3:32  Supply Depot  
  32  3:33  SCV, Marine  
  35  3:37  Marine x2  
  35  3:39  SCV  
  38  3:43  Refinery  
  38  3:45  SCV  
  39  3:53  Command Center  
  39  4:04  Marine x3  
  39  4:06  Starport  
  39  4:08  SCV  
  39  4:09  SCV  
  44  4:14  Factory Reactor  
  44  4:20  SCV  
  44  4:21  Refinery, SCV  
  44  4:22  Marine x2  
  44  4:24  Marine  
  49  4:32  SCV  
  49  4:34  Supply Depot  
  49  4:35  SCV  
  51  4:39  Marine  
  51  4:40  Marine  
  51  4:44  SCV  
  54  4:56  SCV, Marine, Supply Depot  
  54  4:57  SCV, Marine  
  54  4:59  Medivac x2  
  62  5:05  Orbital Command  
  62  5:08  SCV  
  62  5:09  Engineering Bay x2  
  62  5:10  SCV, Marine  
  62  5:13  Marine  
  66  5:20  SCV  
  67  5:22  SCV  
  68  5:32  SCV  
  68  5:33  Marine x2  
  68  5:34  Marine  
  66  5:51  Marine x3  
  69  5:57  Terran Infantry Weapons Level 1, Terran Infantry Armor Level 1  
  69  6:01  SCV x3  
  72  6:09  Marine x3  
  72  6:10  Supply Depot  
  75  6:13  SCV x2  
  77  6:25  Supply Depot  
  77  6:28  SCV x3  
  77  6:29  Supply Depot x2  
  83  6:33  Supply Depot, Barracks Tech Lab, Barracks  
  83  6:34  Barracks Reactor, Barracks  
  83  6:35  Barracks, Barracks Tech Lab  
  83  6:36  Barracks  
  80  6:43  Armory  
  80  6:44  Supply Depot  
  80  6:47  SCV x3  
  82  6:48  Refinery  
  82  6:53  Supply Depot  
  83  6:56  Combat Shield  
  83  6:57  Concussive Shells  
  83  6:58  Factory Reactor, Marauder  
  85  7:03  Supply Depot  
  85  7:04  Supply Depot  
  82  7:19  Marine  
  83  7:26  Marine x3  
  86  7:36  Marine  
  85  7:40  Widow Mine x2, Barracks Tech Lab x2, Medivac x2  
  85  7:41  Barracks Reactor  
  85  7:42  Barracks Reactor  
  85  7:44  Marine x3  
  94  7:47  Command Center  
  85  7:54  Marine  
  85  7:57  Supply Depot, Armory  
  86  8:09  Marine x2, Marauder  
  86  8:10  Widow Mine x2  
  86  8:12  Marine  
  95  8:13  Liberator  
  98  8:21  Marine  
  98  8:22  Marine x5  
  104  8:27  Marine x2  
  104  8:30  Marine x2  
  107  8:39  Marine x6  
  113  8:45  Marine x2  
  113  8:48  Refinery, Marine  
  115  8:49  Refinery, Marauder  
  117  8:57  Marine x5  
  117  8:58  Marauder  
  119  9:22  Marine x6, Marauder  
  119  9:23  Marine x2, Marauder  
  135  9:24  Widow Mine x2, Medivac  
  137  9:39  Marine  
  137  9:40  Marine x4  
  137  9:41  Marauder x2  
  131  9:58  Marine x4, Marauder x2  
  104  10:02  Marauder x2  
Show
View Real Time Build Order
Export as new Build Order

TwentyQueens Zerg - Winner!

Build Orders: Hatch First 

Get SALT Encoding   

  12  0:00  Drone  
  13  0:12  Overlord  
  13  0:17  Drone  
  14  0:31  Drone x2  
  16  0:49  Hatchery  
  15  0:52  Drone  
  15  0:56  Drone  
  17  0:59  Drone  
  18  1:11  Extractor  
  17  1:15  Spawning Pool  
  17  1:18  Drone  
  17  1:22  Drone  
  18  1:28  Drone  
  19  1:40  Drone  
  20  1:51  Overlord  
  20  2:02  Queen x2, Zergling x4  
  26  2:14  Drone  
  26  2:15  Drone  
  28  2:18  Metabolic Boost  
  28  2:26  Drone x2  
  30  2:36  Overlord, Drone  
  31  2:41  Queen  
  33  2:56  Hatchery, Zergling x2  
  33  2:59  Drone  
  33  3:03  Drone  
  35  3:06  Drone  
  35  3:09  Drone x2  
  38  3:14  Pneumatized Carapace  
  38  3:16  Drone  
  39  3:21  Queen  
  39  3:26  Overlord  
  41  3:32  Drone x3  
  44  3:36  Overlord  
  43  3:59  Overlord x2  
  42  4:08  Drone  
  42  4:09  Drone x7, Queen  
  50  4:13  Lair  
  50  4:15  Drone  
  50  4:16  Drone  
  54  4:17  Baneling Nest  
  54  4:19  Zergling x6  
  54  4:20  Zergling x4  
  54  4:22  Zergling x2  
  59  4:26  Zergling x2  
  59  4:30  Zergling x2  
  61  4:36  Zergling x4  
  63  4:43  Drone x4  
  67  4:49  Drone x2  
  67  4:50  Drone x3  
  72  4:56  Drone x2  
  72  4:57  Overlord, Drone  
  72  4:58  Drone  
  76  5:02  Baneling x3  
  76  5:03  Drone, Baneling x2  
  76  5:04  Baneling x2  
  77  5:07  Extractor  
  77  5:08  Extractor  
  77  5:11  Extractor  
  74  5:16  Extractor  
  74  5:19  Drone  
  74  5:20  Drone x3  
  77  5:21  Hatchery  
  77  5:22  Hatchery  
  77  5:23  Drone  
  77  5:24  Drone x2  
  77  5:25  Drone x3  
  77  5:26  Drone  
  82  5:31  Zergling x6  
  82  5:32  Zergling x2  
  84  5:49  Zergling x6  
  82  5:57  Zergling x2  
  82  5:58  Overlord x2  
  79  6:04  Baneling x4, Hydralisk Den  
  79  6:05  Evolution Chamber, Baneling x4, Zergling x2  
  79  6:06  Zergling x8  
  79  6:08  Evolution Chamber  
  81  6:16  Zergling x2  
  81  6:18  Zergling x6  
  85  6:19  Hatchery  
  85  6:20  Zergling x4  
  85  6:23  Hatchery  
  85  6:25  Zergling x2  
  86  6:28  Centrifugal Hooks  
  86  6:31  Zergling x8  
  90  6:34  Grooved Spines, Hydralisk x2  
  90  6:37  Zerg Ground Armor Level 1  
  90  6:39  Zergling x2  
  95  6:42  Drone  
  95  7:22  Hydralisk  
  92  7:24  Overlord  
  92  7:25  Overlord x4  
  92  7:26  Zerg Missile Weapons Level 1  
  90  7:38  Zergling x34  
  107  7:44  Queen  
  107  7:45  Queen  
  110  7:58  Infestation Pit  
  109  8:00  Baneling  
  109  8:01  Baneling x7, Hydralisk x4  
  109  8:02  Hydralisk x5  
  109  8:04  Zergling x14  
  134  8:08  Queen  
  134  8:11  Hydralisk x4  
  144  8:21  Zergling x2  
  144  8:22  Hatchery, Zergling x6  
  144  8:23  Unknown, Zergling x2  
  146  8:37  Overlord x3  
  146  8:41  Muscular Augments  
  146  8:44  Zergling x2  
  136  9:13  Hydralisk  
  136  9:14  Zergling x26  
  136  9:15  Zergling x4  
  141  9:17  Zergling x6  
  140  9:29  Baneling  
  140  9:30  Baneling x11, Hydralisk x7  
  154  9:32  Zergling x8  
  143  9:59  Zergling x2  
  131  10:00  Zergling x16  
  131  10:04  Hydralisk x4  
  131  10:05  Zergling x12  
Tags
 
Matchup
TvZ
Spawn Locations
Cross Positions
Add a new tag
Caveats
  • Supply blocks, unpowered buildings, or Contaminate may cause inaccurate times.
  • Supply counts are checked every 10 seconds.